SNL (28 & UNDER)
BLACKIRON DRAGONS @ KEY WEST BARRACUDAS
08/17/2027
 
TOP OF THE 1ST
BlackIron Dragons batting - Pitching for Key West Barracudas : LHP Luis Rodríguez
Pitching: LHP Luis Rodríguez
Batting: LHB Al Bartlett 0-0: Swinging Strike
0-1: Swinging Strike
0-2: Ball
1-2: Ball
2-2: Strikes out swinging
Batting: LHB Milo Glenn 0-0: Foul Ball, location: 2F
0-1: Ball
1-1: Ground out 4-3 (Groundball, 4)
Batting: SHB Félix Montoya 0-0: Called Strike
0-1: Foul Ball, location: 2F
0-2: Strikes out looking
Top of the 1st over - 0 run(s), 0 hit(s), 0 error(s), 0 left on base; BlackIron 0 - Key West 0
BOTTOM OF THE 1ST
Key West Barracudas batting - Pitching for BlackIron Dragons : LHP Leonard Horton
Pitching: LHP Leonard Horton
Batting: SHB Rodney Birling 0-0: Ball
1-0: Called Strike
1-1: Called Strike
1-2: Strikes out swinging
Batting: RHB Carlos Bravo 0-0: Ball
1-0: Called Strike
1-1: SINGLE (Groundball, 34D)
Batting: RHB Richard Sanders 0-0: Called Strike
0-1: Fly out, F4 (Popup, 34D)
Batting: SHB Héctor Padilla 0-0: Ball
1-0: Fly out, F7 (Flyball, 7S)
Bottom of the 1st over - 0 run(s), 1 hit(s), 0 error(s), 1 left on base; BlackIron 0 - Key West 0
TOP OF THE 2ND
BlackIron Dragons batting - Pitching for Key West Barracudas : LHP Luis Rodríguez
Batting: RHB Roderick Silva 0-0: Ball
1-0: Foul Ball, location: 2F
1-1: Ball
2-1: Called Strike
2-2: Foul Ball, location: 2F
2-2: Foul Ball, location: 2F
2-2: Foul Ball, location: 2F
2-2: Strikes out swinging
Batting: RHB Bernardo Corona 0-0: Ball
1-0: Fly out, F9 (Flyball, 9S)
Batting: RHB Júlio Rodríguez 0-0: Called Strike
0-1: DOUBLE (Flyball, 78M)
Batting: RHB Alexander Barr 0-0: Called Strike
0-1: Ball
1-1: Ground out 6-3 (Groundball, 6)
Top of the 2nd over - 0 run(s), 1 hit(s), 0 error(s), 1 left on base; BlackIron 0 - Key West 0
BOTTOM OF THE 2ND
Key West Barracudas batting - Pitching for BlackIron Dragons : LHP Leonard Horton
Batting: LHB Domingo Ledesma 0-0: Called Strike
0-1: Ball
1-1: Foul Ball, location: 2F
1-2: Ball
2-2: Ball
3-2: Base on Balls
Batting: RHB Carlos Miranda 0-0: Ball
1-0: Ball
2-0: SINGLE (Line Drive, 7LS)
Domingo Ledesma to second
Batting: LHB Motoki Hirata 0-0: Fly out, F8 (Flyball, 8LM)
Batting: LHB Daniel Byrd 0-0: Ball
1-0: Ball
2-0: Ball
3-0: Base on Balls
Domingo Ledesma to third
Carlos Miranda to second
Batting: RHB Dan Craft 0-0: Ball
1-0: Swinging Strike
1-1: Called Strike
1-2: Ball
2-2: Foul Ball, location: 2F
2-2: Foul Ball, location: 2F
2-2: SINGLE (Line Drive, 4M)
Domingo Ledesma scores
Carlos Miranda to third
Daniel Byrd to second
Batting: SHB Rodney Birling 0-0: Fly out, F9 (Flyball, 89S)
Batting: RHB Carlos Bravo 0-0: Ball
1-0: Ball
2-0: SINGLE (Groundball, 4MD)
Carlos Miranda scores
Daniel Byrd to third
Dan Craft to second
Batting: RHB Richard Sanders 0-0: SINGLE (Groundball, 4D)
Daniel Byrd scores
Dan Craft to third
Carlos Bravo to second
Runner from 3rd tries for Home, SAFE, throw made at trailing runner, SAFE at third!
Batting: SHB Héctor Padilla 0-0: Ball
1-0: Foul Ball, location: 2F
1-1: Ball
2-1: Called Strike
2-2: Ball
3-2: Strikes out swinging
Bottom of the 2nd over - 4 run(s), 4 hit(s), 0 error(s), 2 left on base; BlackIron 0 - Key West 4
TOP OF THE 3RD
BlackIron Dragons batting - Pitching for Key West Barracudas : LHP Luis Rodríguez
Batting: SHB Júlio Macías 0-0: Foul Ball, location: 2F
0-1: Ball
1-1: Ball
2-1: Fly out, F9 (Flyball, 9S)
Batting: RHB Juan Gonzáles 0-0: Called Strike
0-1: Swinging Strike
0-2: Ball
1-2: Ball
2-2: Ball
3-2: Strikes out looking
Batting: LHB Al Bartlett 0-0: Ball
1-0: Swinging Strike
1-1: Foul Ball, location: 2F
1-2: Foul Ball, location: 2F
1-2: SINGLE (Flyball, 8LS)
Batting: LHB Milo Glenn 0-0: Ball
1-0: Ball
2-0: Foul Ball, location: 2F
2-1: Called Strike
2-2: Ball
3-2: Foul Ball, location: 2F
3-2: Strikes out looking
Top of the 3rd over - 0 run(s), 1 hit(s), 0 error(s), 1 left on base; BlackIron 0 - Key West 4
BOTTOM OF THE 3RD
Key West Barracudas batting - Pitching for BlackIron Dragons : LHP Leonard Horton
Batting: LHB Domingo Ledesma 0-0: Called Strike
0-1: Foul Ball, location: 2F
0-2: Foul Ball, location: 2F
0-2: Ball
1-2: Ball
2-2: Strikes out swinging
Batting: RHB Carlos Miranda 0-0: Fly out, F5 (Line Drive, 5)
Batting: LHB Motoki Hirata 0-0: Ground out 4-3 (Groundball, 4)
Bottom of the 3rd over - 0 run(s), 0 hit(s), 0 error(s), 0 left on base; BlackIron 0 - Key West 4
TOP OF THE 4TH
BlackIron Dragons batting - Pitching for Key West Barracudas : LHP Luis Rodríguez
Batting: SHB Félix Montoya 0-0: SINGLE (Line Drive, 8LS)
Batting: RHB Roderick Silva 0-0: Ball
1-0: Called Strike
1-1: Ball
2-1: Fly out, F7 (Flyball, 7)
Batting: RHB Bernardo Corona 0-0: Ball
1-0: Hit by Pitch
Félix Montoya to second
Batting: RHB Júlio Rodríguez 0-0: Fly out, F7 (Flyball, 7S)
Batting: RHB Alexander Barr 0-0: Ball
1-0: Called Strike
1-1: Foul Ball, location: 2F
1-2: Ball
2-2: Strikes out swinging
Top of the 4th over - 0 run(s), 1 hit(s), 0 error(s), 2 left on base; BlackIron 0 - Key West 4
BOTTOM OF THE 4TH
Key West Barracudas batting - Pitching for BlackIron Dragons : LHP Leonard Horton
Batting: LHB Daniel Byrd 0-0: Ball
1-0: Foul Ball, location: 2F
1-1: Fly out, F8 (Flyball, 8LXD)
Batting: RHB Dan Craft 0-0: Ball
1-0: Called Strike
1-1: Foul Ball, location: 2F
1-2: Foul Ball, location: 2F
1-2: Strikes out swinging
Batting: SHB Rodney Birling 0-0: Ball
1-0: Ball
2-0: Ball
3-0: Called Strike
3-1: Called Strike
3-2: Strikes out swinging
Bottom of the 4th over - 0 run(s), 0 hit(s), 0 error(s), 0 left on base; BlackIron 0 - Key West 4
TOP OF THE 5TH
BlackIron Dragons batting - Pitching for Key West Barracudas : LHP Luis Rodríguez
Batting: SHB Júlio Macías 0-0: Swinging Strike
0-1: Ground out 6-3 (Groundball, 6)
Batting: RHB Juan Gonzáles 0-0: Ground out U3 (Groundball, 34)
Batting: LHB Al Bartlett 0-0: Called Strike
0-1: Ground out 6-3 (Groundball, 6)
Top of the 5th over - 0 run(s), 0 hit(s), 0 error(s), 0 left on base; BlackIron 0 - Key West 4
BOTTOM OF THE 5TH
Key West Barracudas batting - Pitching for BlackIron Dragons : LHP Leonard Horton
Batting: RHB Carlos Bravo 0-0: Swinging Strike
0-1: Foul Ball, location: 2F
0-2: Foul Ball, location: 2F
0-2: Foul Ball, location: 2F
0-2: Strikes out swinging
Batting: RHB Richard Sanders 0-0: Ball
1-0: Foul Ball, location: 2F
1-1: Ball
2-1: Ground out 5-3 (Groundball, 56)
Batting: SHB Héctor Padilla 0-0: Foul Ball, location: 2F
0-1: Ball
1-1: Ball
2-1: Ground out 4-3 (Groundball, 34)
Bottom of the 5th over - 0 run(s), 0 hit(s), 0 error(s), 0 left on base; BlackIron 0 - Key West 4
TOP OF THE 6TH
BlackIron Dragons batting - Pitching for Key West Barracudas : LHP Luis Rodríguez
Batting: LHB Milo Glenn 0-0: Ball
1-0: Called Strike
1-1: Fly out, F6 (Line Drive, 6)
Batting: SHB Félix Montoya 0-0: Swinging Strike
0-1: Foul Ball, location: 2F
0-2: Ball
1-2: Ball
2-2: Strikes out looking
Batting: RHB Roderick Silva 0-0: Ball
1-0: Ball
2-0: Ball
3-0: Called Strike
3-1: Base on Balls
Pitching: RHP Ed Calhoun
Batting: RHB Bernardo Corona 0-0: Ball
1-0: Called Strike
1-1: Ball
2-1: Swinging Strike
2-2: Ball
3-2: Strikes out swinging
Top of the 6th over - 0 run(s), 0 hit(s), 0 error(s), 1 left on base; BlackIron 0 - Key West 4
BOTTOM OF THE 6TH
Key West Barracudas batting - Pitching for BlackIron Dragons : LHP Leonard Horton
Batting: LHB Domingo Ledesma 0-0: Fly out, F9 (Line Drive, 9)
Batting: RHB Carlos Miranda 0-0: Reached on error, E6 (Groundball, 6)
Batting: LHB Motoki Hirata 0-0: Called Strike
0-1: Ball
1-1: Ground out 4-3 (Groundball, 4)
Carlos Miranda to third
Batting: LHB Daniel Byrd 0-0: Swinging Strike
0-1: Fly out, F7 (Flyball, 78S)
Bottom of the 6th over - 0 run(s), 0 hit(s), 1 error(s), 1 left on base; BlackIron 0 - Key West 4
TOP OF THE 7TH
BlackIron Dragons batting - Pitching for Key West Barracudas : RHP Ed Calhoun
Batting: RHB Júlio Rodríguez 0-0: Swinging Strike
0-1: Foul Ball, location: 2F
0-2: Foul Ball, location: 2F
0-2: Ball
1-2: Strikes out looking
Batting: RHB Alexander Barr 0-0: Swinging Strike
0-1: Ball
1-1: Swinging Strike
1-2: Ball
2-2: Strikes out swinging
Batting: SHB Júlio Macías 0-0: Foul Ball, location: 2F
0-1: Ball
1-1: Foul Ball, location: 2F
1-2: SINGLE (Line Drive, 34)
Batting: RHB Juan Gonzáles 0-0: Foul Ball, location: 2F
0-1: Called Strike
0-2: Foul Ball, location: 2F
0-2: Ball
1-2: Ground out 6-3 (Groundball, 6S)
Top of the 7th over - 0 run(s), 1 hit(s), 0 error(s), 1 left on base; BlackIron 0 - Key West 4
BOTTOM OF THE 7TH
Key West Barracudas batting - Pitching for BlackIron Dragons : LHP Leonard Horton
Pitching: RHP Larry Johnston
Batting: RHB Dan Craft 0-0: Swinging Strike
0-1: Ball
1-1: Swinging Strike
1-2: Ball
2-2: Foul Ball, location: 2F
2-2: Strikes out swinging
Batting: SHB Rodney Birling 0-0: Ball
1-0: Foul Ball, location: 2F
1-1: Foul Ball, location: 2F
1-2: Ball
2-2: Foul Ball, location: 2F
2-2: Foul Ball, location: 2F
2-2: DOUBLE (Line Drive, 9LM)
Batting: RHB Carlos Bravo 0-0: Swinging Strike
0-1: Foul Ball, location: 2F
0-2: Strikes out looking
Batting: RHB Richard Sanders 0-0: Called Strike
0-1: Ball
1-1: Foul Ball, location: 2F
1-2: SINGLE (Line Drive, 78S)
Rodney Birling to third
Batting: SHB Héctor Padilla 0-0: Ball
1-0: Ball
2-0: Fielders Choice at 2nd, 4-6 (Groundball, 4)
Bottom of the 7th over - 0 run(s), 2 hit(s), 0 error(s), 1 left on base; BlackIron 0 - Key West 4
TOP OF THE 8TH
BlackIron Dragons batting - Pitching for Key West Barracudas : RHP Ed Calhoun
Batting: LHB Al Bartlett 0-0: Ball
1-0: Ball
2-0: Ball
3-0: Base on Balls
Batting: LHB Milo Glenn 0-0: Ball
1-0: Ball
2-0: Fly out, F8 (Flyball, 78M)
Batting: SHB Félix Montoya 0-0: Hit by Pitch
Al Bartlett to second
Batting: RHB Roderick Silva 0-0: Ball
1-0: Called Strike
1-1: Ball
2-1: Swinging Strike
2-2: Foul Ball, location: 2F
2-2: Strikes out swinging
Batting: RHB Bernardo Corona 0-0: Called Strike
0-1: Foul Ball, location: 2F
0-2: Ball
1-2: Ball
2-2: Ball
3-2: Base on Balls
Al Bartlett to third
Félix Montoya to second
Batting: RHB Júlio Rodríguez 0-0: Called Strike
0-1: Fly out, F7 (Flyball, 7)
Top of the 8th over - 0 run(s), 0 hit(s), 0 error(s), 3 left on base; BlackIron 0 - Key West 4
BOTTOM OF THE 8TH
Key West Barracudas batting - Pitching for BlackIron Dragons : RHP Larry Johnston
Batting: LHB Domingo Ledesma 0-0: Called Strike
0-1: Swinging Strike
0-2: Ball
1-2: Strikes out looking
Batting: RHB Carlos Miranda 0-0: SINGLE (Groundball, 6MD)
Batting: LHB Motoki Hirata 0-0: Ball
1-0: Fielders Choice at 2nd, 4-6 (Groundball, 34)
Batting: LHB Daniel Byrd 0-0: Called Strike
0-1: Ball
1-1: Fielders Choice at 2nd, 6-4 (Groundball, 6)
Bottom of the 8th over - 0 run(s), 1 hit(s), 0 error(s), 0 left on base; BlackIron 0 - Key West 4
TOP OF THE 9TH
BlackIron Dragons batting - Pitching for Key West Barracudas : RHP Ed Calhoun
Batting: RHB Alexander Barr 0-0: Ball
1-0: Swinging Strike
1-1: SINGLE (Groundball, 6MD)
Batting: SHB Júlio Macías 0-0: Ball
1-0: Fly out, F7 (Flyball, 78S)
Pitching: RHP Mathew Wilcox
Batting: RHB Juan Gonzáles 0-0: Ball
1-0: Ball
2-0: Ball
3-0: Called Strike
3-1: Swinging Strike
3-2: Foul Ball, location: 2F
3-2: Base on Balls
Alexander Barr to second
Pitching: RHP Dennis Grange
Batting: LHB Al Bartlett 0-0: Called Strike
0-1: Ball
1-1: Foul Ball, location: 2F
1-2: Foul Ball, location: 2F
1-2: Ball
2-2: Foul Ball, location: 2F
2-2: Strikes out looking
Batting: LHB Milo Glenn 0-0: Ball
1-0: Ball
2-0: Ball
3-0: Foul Ball, location: 2F
3-1: Foul Ball, location: 2F
3-2: Strikes out swinging
Top of the 9th over - 0 run(s), 1 hit(s), 0 error(s), 2 left on base; BlackIron 0 - Key West 4
Thursday, March 30th, 2017 - OOTP Baseball 17.12 Build 75